 Dungeon Crawl Stone Soup version 0.20-a0-738-gb057e68 (webtiles) character file.

8106 Gorglomux the Summoner (level 11, -3/60 HPs)
             Began as a Deep Elf Summoner on Feb 23, 2017.
             Was an Elder of Sif Muna.
             Slain by a black mamba (16 damage)
             ... on level 1 of the Lair of Beasts.
             The game lasted 00:51:37 (12486 turns).

Gorglomux the Summoner (Deep Elf Summoner)         Turns: 12486, Time: 00:51:38

Health: -3/60      AC:  9    Str: 10    XL:     11   Next: 5%
Magic:  18/35      EV: 16    Int: 29    God:    Sif Muna [****..]
Gold:   666        SH:  0    Dex: 19    Spells: 16/28 levels left

rFire    . . .     SeeInvis .   t - +7 falchion of the Whelk {venom, MR+ Dex+4}
rCold    . . .     Gourm    .   A - +2 ring mail of Yesterday {Int+5}
rNeg     . . .     Faith    .   (no shield)
rPois    .         Spirit   .   (no helmet)
rElec    .         Reflect  .   Y - +0 cloak
rCorr    .         Harm     .   (no gloves)
MR       ++...                  (no boots)
Stlth    ++........             (no amulet)
Regen    0.2/turn               n - +5 ring of strength
MPRegen  0.3/turn               k - ring of magical power

@: lethally poisoned (-3 -> -15)
A: no striking features
a: Divine Energy, Channel Magic, Forget Spell, Renounce Religion


You were on level 1 of the Lair of Beasts.
You worshipped Sif Muna.
Sif Muna was greatly pleased with you.
You were not hungry.

You visited 2 branches of the dungeon, and saw 11 of its levels.

You collected 722 gold pieces.
You spent 56 gold pieces at shops.

Inventory:

Hand Weapons
 t - the +7 falchion of the Whelk (weapon) {venom, MR+ Dex+4}
   (You took it off Maurice on level 9 of the Dungeon)

   It poisons the flesh of those it strikes.
   It affects your dexterity (+4).
   It affects your resistance to hostile enchantments.
Missiles
 Z - 3 throwing nets (quivered)
Armour
 A - the +2 ring mail of Yesterday (worn) {Int+5}
   (You found it on level 6 of the Dungeon)

   It affects your intelligence (+5).
 Y - a +0 cloak (worn)
Magical Staves
 x - an uncursed staff of air
Jewellery
 f - a +1 ring of evasion
 k - a ring of magical power (left hand)
 m - an uncursed ring of protection from magic
 n - a +5 ring of strength (right hand)
 o - an uncursed ring of poison resistance
 y - the ring of Fun {Ice MR+ Str+6}
   (You found it on level 9 of the Dungeon)

   [ring of ice]

   It enhances your ice magic.
   It affects your strength (+6).
   It makes you vulnerable to fire.
   It protects you from cold.
   It affects your resistance to hostile enchantments.
Wands
 i - a wand of iceblast (10/15)
 D - a wand of digging (24/24)
 I - a wand of iceblast (3/15)
Scrolls
 d - a scroll of enchant armour {unknown}
 h - 3 scrolls of remove curse
 p - 2 scrolls of fear
 C - a scroll of noise {unknown}
 G - a scroll of enchant weapon {unknown}
 H - a scroll of holy word {unknown}
 J - a scroll of torment {unknown}
 L - a scroll of recharging
 M - 2 scrolls of magic mapping
 O - 2 scrolls of immolation
 T - 3 scrolls of teleportation
Potions
 g - a potion of degeneration {unknown}
 q - a potion of mutation {unknown}
 s - a potion of might
 u - 5 potions of curing
 v - 2 potions of berserk rage {unknown}
 B - 2 potions of invisibility {unknown}
 K - 3 potions of brilliance
 N - 3 potions of haste
 P - 2 potions of agility {unknown}
 S - a potion of heal wounds
 U - a potion of ambrosia
 W - a potion of magic
 X - 2 potions of flight
Books
 b - a book of Callings

   Spells                             Type                      Level
   a - Summon Small Mammal            Summoning                    1
   b - Call Imp                       Summoning                    2
   c - Call Canine Familiar           Summoning                    3
   d - Summon Guardian Golem          Hexes/Summoning              3
   e - Summon Lightning Spire         Summoning/Air                4
   f - Summon Ice Beast               Ice/Summoning                4
 w - a book of the Earth

   Spells                             Type                      Level
   a - Leda's Liquefaction            Hexes/Earth                  4
   b - Bolt of Magma                  Conjuration/Fire/Earth       5
   c - Statue Form                    Transmutation/Earth          6
   d - Iron Shot                      Conjuration/Earth            6
   e - Shatter                        Earth                        9
 z - Sif Muna's Grimoire of the Dusty Entourage {god gift}
   (Sif Muna gifted it to you on level 9 of the Dungeon)

   Spells                             Type                      Level
   a - Summon Butterflies             Summoning                    1
   b - Lee's Rapid Deconstruction     Earth                        5
   c - Summon Forest                  Summoning/Translocation      5
   d - Haunt                          Necromancy/Summoning         7
   e - Summon Greater Demon           Summoning                    7
   f - Shatter                        Earth                        9
   g - Dragon's Call                  Summoning                    9
 F - a book of Misfortune

   Spells                             Type                      Level
   a - Confusing Touch                Hexes                        1
   b - Confuse                        Hexes                        3
   c - Gell's Gravitas                Translocation                3
   d - Petrify                        Transmutation/Earth          4
   e - Metabolic Englaciation         Hexes/Ice                    5
   f - Yara's Violent Unravelling     Hexes/Transmutation          5
Comestibles
 c - 11 bread rations
 r - 7 meat rations
 Q - 7 royal jellies
 R - 4 chunks of flesh
 V - 17 fruits


   Skills:
 - Level 3.5 Fighting
 - Level 4.6 Armour
 - Level 8.0 Dodging
 - Level 2.4 Stealth
 + Level 9.1 Spellcasting
 - Level 11.5 Summonings
 - Level 6.0 Ice Magic
 - Level 5.0 Air Magic


You had 16 spell levels left.
You knew the following spells:

 Your Spells              Type           Power        Failure   Level  Hunger
a - Summon Small Mammal   Summ           ####         1%          1    None
b - Call Canine Familiar  Summ           ######..     1%          3    None
c - Summon Ice Beast      Ice/Summ       ######..     2%          4    None
l - Summon Lightning Spi  Summ/Air       ######..     3%          4    None


Dungeon Overview and Level Annotations

Branches:
Dungeon (10/15)            Temple (0/1) D:4            Lair (1/6) D:10
    Orc (0/2) D:9

Altars:
Ashenzari
Dithmenos
Fedhas
Kikubaaqudgha
Makhleb
Nemelex Xobeh
Okawaru
Qazlal
Ru
Sif Muna
Uskayaw
Wu Jian
Xom
Zin
The Shining One

Shops:
D:7 }*%}:%   D:8 !


Message History

Your ice beast looks as sick as possible!
The black mamba poisons your ice beast! The black mamba bites your ice beast!
Your warg barely misses the spiny frog.
The spiny frog stings your ice beast!
Your ice beast hits the spiny frog.
Your ice beast freezes the spiny frog!
The spiny frog seems to slow down.
Casting: Summon Ice Beast
Confirm with . or Enter, or press ? or * to list all spells.
Aiming: Summon Lightning Spire
Press: ? - help, Dir - move target cursor An electric hum fills the air.
* * * LOW HITPOINT WARNING * * *
You feel sick.
Your ice beast dies!
Your ice beast hits the spiny frog.
Your ice beast freezes the spiny frog!!
The spiny frog seems to slow down.
The spiny frog dies!
Sif Muna accepts your kill.
Your Spellcasting skill increases to level 9!
The black mamba bites you!
You die...

...# .... ...# ##..#
........# #P..# . .... ..##
#..# .P##P.#... #..####
......+.# #..P#.### ....#.#
##........
#####.+P.#########.........
........hS@................
.......Y.8.............>...
####P###.################P#
# ### ###


You could see a black mamba, a friendly warg, a friendly ice beast and a
friendly lightning spire.

Vanquished Creatures
  2 centaur skeletons
  A basilisk (D:10)
  A porcupine (D:10)
  An ogre (D:7)
  A centaur (D:10)
  A crocodile (Lair:1)
  A scorpion (D:10)
  A hound (D:10)
  An adder (D:3)
  An ooze (D:4)
  A dart slug (D:1)
  5 orcs
  7 bats
  3 giant cockroaches
  2 goblins (D:2)
  3 hobgoblins (D:3)
  3 jackals
  24 kobolds
  4 quokkas
  2 frilled lizards
  A leopard gecko skeleton (D:6)
  4 rats
70 creatures vanquished.

Vanquished Creatures (collateral kills)
  2 two-headed ogres (D:9)
  The ghost of nono the Covert, a journeyman VSAM of Uskayaw (Lair:1)
  A flayed ghost (D:9)
  Pikel (D:6)
  The ghost of WereVolvo the Spear-Bearer, a novice MfGl of Wu Jian (D:6)
  Maurice (D:9)
  4 spiny frogs (Lair:1)
  A komodo dragon (Lair:1)
  A troll (D:10)
  Grinder (D:6)
  Prince Ribbit (D:6)
  2 hippogriffs
  A shadow (D:9)
  5 wraiths
  14 yaks
  A basilisk (Lair:1)
  2 water moccasins
  4 porcupines
  3 ice beasts
  2 orc warriors
  2 sky beasts
  2 black bears (D:9)
  A necrophage (D:7)
  6 ogres
  2 centaurs
  2 crocodiles (D:10)
  7 big kobolds
  A gnoll sergeant (D:7)
  10 bullfrogs
  2 scorpions
  4 killer bees (D:8)
  3 wights (D:7)
  2 howler monkeys (D:9)
  2 bullfrog zombies (D:7)
  3 crimson imps
  2 jellies
  4 hounds
  7 orc wizards
  7 orc priests
  Crazy Yiuf (D:3)
  2 bullfrog skeletons
  A gnoll shaman (D:5)
  A centaur skeleton (D:8)
  2 iguanas (D:4)
  9 worker ants
  Robin (D:2)
  13 gnolls
  10 adders
  A shadow imp (D:7)
  An ooze (D:2)
  An adder zombie (D:9)
  A worm (D:3)
  3 dart slugs
  3 leopard geckos
  35 orcs
  11 bats
  2 giant cockroaches
  11 goblins
  12 hobgoblins
  2 jackals
  A quokka (D:2)
  A ball python (D:1)
  3 frilled lizards
  33 kobolds
  A leopard gecko zombie (D:6)
  A quokka zombie (D:5)
  2 rats (D:1)
283 creatures vanquished.

Vanquished Creatures (others)
  A plant (D:10)
1 creature vanquished.

Grand Total: 354 creatures vanquished

Notes
Turn   | Place    | Note
-------+----------+-------------------------------------------
     0 | D:1      | Gorglomux the Deep Elf Summoner began the quest for the Orb.
     0 | D:1      | Reached XP level 1. HP: 10/10 MP: 6/6
   351 | D:1      | Reached XP level 2. HP: 9/15 MP: 2/8
   497 | D:1      | Reached skill level 5 in Summonings
  1396 | D:2      | Found a shimmering altar of Xom.
  1593 | D:2      | Reached XP level 3. HP: 18/19 MP: 4/9
  1606 | D:2      | Learned a level 3 spell: Call Canine Familiar
  1967 | D:2      | Noticed Robin
  2006 | D:2      | Killed Robin
  2006 | D:2      | Reached skill level 6 in Summonings
  2182 | D:2      | Found a deep blue altar of Sif Muna.
  2262 | D:2      | Became a worshipper of Sif Muna the Loreminder
  2623 | D:3      | Found a blossoming altar of Fedhas.
  2644 | D:3      | Reached XP level 4. HP: 24/24 MP: 10/10
  2717 | D:3      | Learned a level 4 spell: Summon Lightning Spire
  2767 | D:3      | Found a stormy altar of Qazlal.
  2794 | D:3      | Reached skill level 1 in Air Magic
  2861 | D:3      | Found a sacrificial altar of Ru.
  3115 | D:3      | Found a runed door.
  3196 | D:3      | Noticed an ice beast
  3216 | D:3      | Killed an ice beast
  3216 | D:3      | Reached skill level 3 in Air Magic
  3216 | D:3      | Reached XP level 5. HP: 24/28 MP: 6/11
  3509 | D:3      | Reached * piety under Sif Muna
  3614 | D:3      | Reached XP level 6. HP: 28/32 MP: 12/12
  4363 | D:3      | Noticed Crazy Yiuf
  4376 | D:3      | Killed Crazy Yiuf
  4588 | D:4      | Found a shadowy altar of Dithmenos.
  4773 | D:4      | Reached skill level 7 in Summonings
  4931 | D:4      | Found a staircase to the Ecumenical Temple.
  5178 | D:4      | Found an iron altar of Okawaru.
  5181 | D:4      | Found an ornate altar of the Wu Jian Council.
  5212 | D:4      | Reached ** piety under Sif Muna
  5212 | D:4      | Reached XP level 7. HP: 23/36 MP: 13/13
  5404 | D:5      | Entered Level 5 of the Dungeon
  5697 | D:5      | Learned a level 4 spell: Summon Ice Beast
  5845 | D:5      | Reached skill level 8 in Summonings
  6373 | D:6      | Noticed WereVolvo's ghost (novice MfGl)
  6391 | D:6      | Killed WereVolvo's ghost
  6391 | D:6      | Reached skill level 3 in Ice Magic
  6420 | D:6      | Noticed Pikel
  6445 | D:6      | Killed Pikel
  6445 | D:6      | Reached *** piety under Sif Muna
  6445 | D:6      | Reached XP level 8. HP: 38/41 MP: 8/14
  6605 | D:6      | Reached skill level 6 in Ice Magic
  6619 | D:6      | Noticed Prince Ribbit
  6632 | D:6      | Killed Prince Ribbit
  6632 | D:6      | Reached skill level 9 in Summonings
  6710 | D:6      | Noticed Grinder
  6719 | D:6      | Killed Grinder
  6953 | D:6      | Got a warped ring mail
  6964 | D:6      | Identified the +2 ring mail of Yesterday {Int+5} (You found it on level 6 of the Dungeon)
  7162 | D:7      | Reached skill level 10 in Summonings
  7180 | D:7      | Found Tiahaont's Book Boutique.
  7274 | D:7      | Found Umefu's Gadget Shoppe.
  7286 | D:7      | Reached XP level 9. HP: 45/45 MP: 15/15
  7305 | D:7      | Found Oqoizeqo's Food Shop.
  7385 | D:7      | Reached **** piety under Sif Muna
  7621 | D:7      | Found a sparkling altar of Nemelex Xobeh.
  7684 | D:7      | Reached skill level 11 in Summonings
  7952 | D:7      | Found Xuuneow's Food Shop.
  7958 | D:7      | Found Dole's General Store.
  7973 | D:7      | Bought a scroll of immolation for 56 gold pieces
  7979 | D:7      | Found Fumav's Gadget Emporium.
  8165 | D:8      | Found Axke's Distillery.
  8652 | D:8      | Found a burning altar of Makhleb.
  9178 | D:8      | Reached skill level 1 in Armour
  9363 | D:9      | Found a staircase to the Orcish Mines.
  9391 | D:9      | Reached skill level 3 in Armour
  9553 | D:9      | Noticed a two-headed ogre
  9564 | D:9      | Killed a two-headed ogre
  9724 | D:9      | Reached skill level 1 in Fighting
  9757 | D:9      | Reached XP level 10. HP: 32/52 MP: 13/20
  9955 | D:9      | Noticed Maurice
 10139 | D:9      | Found a shattered altar of Ashenzari.
 10515 | D:9      | Found a hide-covered altar of Uskayaw.
 10545 | D:9      | Found a glowing silver altar of Zin.
 10550 | D:9      | Reached skill level 3 in Fighting
 10552 | D:9      | Found a runed door.
 10558 | D:9      | Found a hide-covered altar of Uskayaw.
 10618 | D:9      | Reached ***** piety under Sif Muna
 10618 | D:9      | Identified Sif Muna's Grimoire of the Dusty Entourage {god gift} (Sif Muna gifted it to you on level 9 of the Dungeon)
 10618 | D:9      | Received a gift from Sif Muna
 10715 | D:9      | Found a glowing golden altar of the Shining One.
 10759 | D:9      | Found a burning altar of Makhleb.
 10763 | D:9      | Found an ancient bone altar of Kikubaaqudgha.
 10798 | D:9      | Noticed a flayed ghost
 10807 | D:9      | Killed a flayed ghost
 10807 | D:9      | Reached skill level 3 in Dodging
 10813 | D:9      | Got an ancient golden ring
 10815 | D:9      | Identified the ring of Fun {Ice MR+ Str+6} (You found it on level 9 of the Dungeon)
 10941 | D:9      | Noticed a two-headed ogre
 10942 | D:9      | Killed Maurice
 10944 | D:9      | Killed a two-headed ogre
 10949 | D:9      | Got a faintly glowing falchion {venom}
 10950 | D:9      | Identified the +7 falchion of the Whelk {venom, MR+ Dex+4} (You took it off Maurice on level 9 of the Dungeon)
 11024 | D:10     | Entered Level 10 of the Dungeon
 11049 | D:10     | Reached skill level 6 in Dodging
 11307 | D:10     | Found a staircase to the Lair.
 11813 | D:10     | Reached skill level 6 in Spellcasting
 12021 | Lair:1   | Entered Level 1 of the Lair of Beasts
 12080 | Lair:1   | Noticed nono's ghost (journeyman VSAM)
 12087 | Lair:1   | Killed nono's ghost
 12154 | Lair:1   | Noticed a spiny frog
 12168 | Lair:1   | Killed a spiny frog
 12381 | Lair:1   | Noticed a spiny frog
 12391 | Lair:1   | Killed a spiny frog
 12391 | Lair:1   | Reached XP level 11. HP: 51/60 MP: 16/25
 12486 | Lair:1   | Reached skill level 9 in Spellcasting
 12486 | Lair:1   | Slain by a black mamba

Vault maps used:
D:1:      minmay_arrival_arboretum_small, roderic_lattice_a
D:2:      brannock_xom_greatest_gift, lemuel_round_altar, uniq_robin
D:3:      minmay_goblin_kobold_castle, grunt_temple_overflow_forces_of_nature,
          nicolae_ru_the_path_less_chosen, uniq_crazy_yiuf_cottage
D:4:      nicolae_overflow_hidden_temple, minmay_temple_entry_grid
D:5:      first_bread
D:6:      uniq_pikel, uniq_grinder, uniq_prince_ribbit1
D:7:      overflow_temple_1_default, serial_glass, glass_columns_a,
          glass_columns_a, glass_columns_b, glass_columns_c, glass_columns_c,
          glass_columns_b, serial_shops, kennysheep_little_box, shop,
          nicolae_shop_behind_doors, shop, kennysheep_mini,
          minmay_shop_grid_forest, grunt_ogre_cave
D:8:      serial_shops, nicolae_shop_waterfront, nrook_mini_vaults,
          grunt_ministairs_3, bloody_makhleb
D:9:      due_megacathedral, marbit_many_paths, uniq_maurice
D:10:     minmay_lair_entry_grove, lightli_orcish_oven
Lair:1:   minmay_holes, minivault_24

Skill      XL: |  1  2  3  4  5  6  7  8  9 10 11 |
---------------+----------------------------------+-----
Summonings     | 5 6 7 8 10 11 | 11.5
Air Magic      | 3 4 5 |  5.0
Ice Magic      | 5 6 |  6.0
Spellcasting   | 5 8 9 |  9.1
Armour         | 4 |  4.6
Fighting       | 1 3 |  3.5
Dodging        | 8 |  8.0
Stealth        | |  2.4

Action                   |  1- 3 |  4- 6 |  7- 9 | 10-12 || total
-------------------------+-------+-------+-------+-------++-------
Melee: Dagger            |   109 |    21 |   150 |       ||   280
       Short sword       |     4 |    62 |       |       ||    66
       Quarterstaff      |       |       |       |    34 ||    34
       Falchion          |       |       |       |    17 ||    17
       Staff             |       |       |       |     2 ||     2
 Cast: Summon Small Mamm |    97 |     4 |     2 |     7 ||   110
       Call Canine Famil |     6 |    11 |    34 |    26 ||    77
       Summon Lightning  |       |    12 |    15 |     7 ||    34
       Summon Ice Beast  |       |       |    31 |    66 ||    97
Invok: Channel Magic     |       |       |       |     2 ||     2
  Use: Scroll            |     2 |       |    10 |     3 ||    15
       Potion            |     1 |       |       |       ||     1
 Stab: Sleeping          |     4 |     6 |     6 |       ||    16
       Distracted        |     2 |       |     1 |       ||     3
  Eat: Chunk             |     6 |     9 |    23 |    15 ||    53
       Royal jelly       |       |     1 |       |       ||     1
Armor: Robe              |    24 |    13 |    33 |       ||    70
       Ring mail         |       |       |    55 |    38 ||    93
Dodge: Dodged            |   119 |    67 |   125 |    70 ||   381
       Rpst.: Falchion   |       |       |       |     5 ||     5
